 Dungeon Crawl Stone Soup version 0.30.0-15-g856e2d3f33 (webtiles) character file.

Game seed: 2303694035185729491

500 CaptainMV the Sneak (level 6, 0/45 HPs)
             Began as a Demonspawn Wanderer on May 18, 2023.
             Was a Priest of Dithmenos.
             Slain by an orc wizard
             ... wielding a +0 dagger
              (3 damage)
             ... on level 4 of the Dungeon.
             The game lasted 00:29:44 (1966 turns).

CaptainMV the Sneak (Demonspawn Wanderer)           Turns: 1966, Time: 00:29:44

Health: 0/45       AC:  3    Str: 12    XL:     6   Next: 94%
Magic:  2/10       EV: 12    Int: 17    God:    Dithmenos [***...]
Gold:   158        SH:  0    Dex: 11    Spells: 3/11 levels left

rFire   . . .        a - +2 short sword (speed)
rCold   . . .        (no shield)
rNeg    . . .        e - +1 robe
rPois   .            (no helmet)
rElec   .            (no cloak)
rCorr   .            (no gloves)
SInv    .            (no boots)
Will    .....        (no amulet)
Stlth   ++++         (no ring)
HPRegen 0.27/turn    (no ring)
MPRegen 0.12/turn

%: no passive effects
@: wreathed by umbra
A: spiny 1
a: Renounce Religion, Shadow Step


You were on level 4 of the Dungeon.
You worshipped Dithmenos.
Dithmenos was most pleased with you.
You visited 1 branch of the dungeon, and saw 4 of its levels.

You collected 158 gold pieces.

Inventory:

Hand Weapons
 a - a +2 short sword of speed (weapon)
 b - a +0 sling
 m - a +3 dagger
 p - the +1 long sword "Ugramm" {heavy, rC++ Str-2 Int+2 Dex+3 SInv}
   (You found it on level 4 of the Dungeon)

   Str:       It affects your strength (-2).
   Int:       It affects your intelligence (+2).
   Dex:       It affects your dexterity (+3).
   rC:        It greatly protects you from cold.
   SInv:      It lets you see invisible.
Missiles
 s - 6 curare-tipped darts (quivered)
Armour
 e - a +1 robe (worn)
Jewellery
 h - a ring of positive energy
Wands
 c - a wand of polymorph (6)
 q - a wand of flame (22)
Scrolls
 d - a scroll of blinking
 g - 3 scrolls of teleportation
 j - a scroll of fear
 o - a scroll of identify {unknown}
Potions
 f - 3 potions of flight {unknown}
 i - 2 potions of resistance {unknown}
 k - 2 potions of berserk rage
 l - 2 potions of attraction {unknown}
 n - 3 potions of curing {unknown}
 r - 3 potions of heal wounds {unknown}


   Skills:
 + Level 2.3 Fighting
 + Level 2.6 Short Blades
 + Level 1.3 Ranged Weapons
 + Level 1.0 Armour
 + Level 1.9 Dodging
 + Level 5.1 Stealth
 + Level 3.0 Spellcasting
 + Level 1.2 Hexes
 + Level 1.5 Summonings
 + Level 1.1 Fire Magic
 + Level 1.0 Evocations


You had 3 spell levels left.
You knew the following spells:

 Your Spells              Type           Power      Damage    Failure   Level
a - Summon Small Mammal   Summ           28%        N/A       9%          1
b - Inner Flame           Hex/Fire       6%         N/A       32%         3
c - Sticky Flame          Conj/Fire      4%         2d3       80%         4

Your spell library contained the following spells:

 Spells                   Type           Power      Damage    Failure   Level
 Beastly Appendage        Tmut           4%         N/A       17%         1
 Sting                    Tmut/Pois      8%         1d3       17%         1
 Poisonous Vapours        Pois/Air       4%         N/A       26%         2
 Wereblood                Tmut           2%         N/A       26%         2
 Call Canine Familiar     Summ           7%         N/A       26%         3
 Spider Form              Tmut/Pois      2%         N/A       45%         3
 Flame Wave               Conj/Fire      4%         2d5       80%         4
 Olgreb's Toxic Radiance  Pois           2%         N/A       86%         4


Dungeon Overview and Level Annotations

Branches:
Dungeon (4/15)
 Temple: D:4-7

Altars:
Dithmenos
Makhleb
Ru


Innate Abilities, Weirdness & Mutations

You are partially covered in sharp spines.


Message History

The orc is struck by your spines. The orc closely misses you.
Your hands tingle!
a - a +2 short sword of speed (weapon)
You barely miss the orc.
The orc is lightly wounded.
The orc hits you with a +0 flail. The orc closely misses you.
You hit the orc but do no damage.
The orc is lightly wounded.
Aiming: Shadow Step
Press: ? - help, Dir - move target, f - orc, p - orc
Aim: an orc, wielding a +0 dagger (umbra)
You step into the orc's shadow.
The orc hits you with a +0 dagger. The orc is struck by your spines.
You kill the orc!
Dithmenos accepts your kill. The orc barely misses you. Something hits you.
You hit the orc.
The orc is severely wounded.
The orc is struck by your spines. The orc completely misses you.
Something hits you but does no damage. The orc completely misses you.
You barely miss the orc.
The orc is severely wounded.
You barely miss the orc.
The orc is severely wounded.
Flame seeps out of something.
Something hits you.
* * * LOW HITPOINT WARNING * * *
The orc barely misses you. The orc is struck by your spines.
You kill the orc!
Dithmenos accepts your kill.
Flame seeps out of something.
You closely miss something. The orc is struck by your spines.
You kill the orc!
Dithmenos accepts your kill.
You hear some strange, mumbled words.
A puff of flame appears from out of thin air!
The puff of flame hits you!
* * * LOW HITPOINT WARNING * * *
You closely miss something. Something hits you.
You die...

#.......##.......#
#..#....##........ ##
#.....##.......
###.#..##........
##................
####.†...............
##....................
###....){........###.###
#......@)°...##...##..#.
###?....###...##.###...[
#.......# ......# .....
#............... ....#
#..............$. ....#
....##........... ... #
.... .......... .. # #..
.......##. . #.
......(.. .


There were no monsters in sight!

Vanquished Creatures
  An ogre (D:4)
  A scorpion (D:4)
  A hound (D:4)
  A jelly (D:4)
  Natasha (twice) (D:3)
  8 gnolls
  4 adders (D:3)
  A worm (D:2)
  3 dart slugs
  6 orcs
  9 ball pythons
  8 bats
  9 endoplasms
  5 giant cockroaches
  6 goblins
  6 hobgoblins
  7 jackals
  3 quokkas (D:1)
  8 frilled lizards
  8 kobolds
  7 rats
104 creatures vanquished.

Vanquished Creatures (collateral kills)
  Natasha (D:3)
  A rat (D:2)
2 creatures vanquished.

Grand Total: 106 creatures vanquished

Notes
Turn   | Place    | Note
-------+----------+-------------------------------------------
     0 | D:1      | CaptainMV the Demonspawn Wanderer began the quest for the
                  | Orb.
     0 | D:1      | CaptainMV set off with the following items: a +2 dagger, a
                  | potion of berserk rage, a wand of polymorph (6), a scroll
                  | of blinking, a +0 robe; and the following spell memorised:
                  | Summon Small Mammal; and the following spells available to
                  | memorise: Call Canine Familiar.
     0 | D:1      | Reached XP level 1. HP: 15/15 MP: 3/3
    92 | D:1      | Found a faded altar of an unknown god.
   104 | D:1      | Gained mutation: You are partially covered in sharp spines.
                  | [demonic ancestry]
   104 | D:1      | Reached XP level 2. HP: 20/21 MP: 5/5
   107 | D:1      | Prayed at the altar of an unknown god.
   107 | D:1      | Became a worshipper of Dithmenos the Shadowed
   107 | D:1      | Reached * piety under Dithmenos
   218 | D:1      | Reached skill level 4 in Stealth
   321 | D:1      | Reached XP level 3. HP: 24/26 MP: 6/6
   463 | D:1      | Learned a level 3 spell: Inner Flame
   824 | D:2      | Reached ** piety under Dithmenos
  1207 | D:3      | Reached XP level 4. HP: 33/33 MP: 7/7
  1282 | D:3      | Reached skill level 1 in Short Blades
  1321 | D:3      | Reached skill level 1 in Dodging
  1466 | D:3      | Noticed Natasha
  1472 | D:3      | Reached XP level 5. HP: 26/38 MP: 8/8
  1476 | D:3      | Reached *** piety under Dithmenos
  1478 | D:3      | Killed Natasha
  1505 | D:3      | Noticed Natasha
  1514 | D:3      | Killed Natasha
  1590 | D:3      | Noticed Natasha
  1605 | D:3      | Killed Natasha
  1691 | D:4      | Reached skill level 5 in Stealth
  1696 | D:4      | Learned a level 4 spell: Sticky Flame
  1724 | D:4      | Reached XP level 6. HP: 36/44 MP: 1/10
  1728 | D:4      | Reached skill level 1 in Hexes
  1742 | D:4      | Identified the +1 long sword "Ugramm" {heavy, rC++ Str-2
                  | Int+2 Dex+3 SInv}
  1786 | D:4      | Reached skill level 1 in Ranged Weapons
  1786 | D:4      | Reached skill level 1 in Fire Magic
  1822 | D:4      | Found a sacrificial altar of Ru.
  1822 | D:4      | Found a burning altar of Makhleb.
  1964 | D:4      | HP: 2/45 [something/puff of flame (9)]
  1966 | D:4      | Slain by an orc wizard

Illustrated notes

Levels and vault maps discovered:
D:1:      lightli_arrival_chessboard, layout_loops_cross,
          dreamdust_ecumenical_altar_grove
D:2:      layout_loops_ring, minmay_lizard_pond
D:3:      layout_rooms, minmay_unequal, uniq_natasha
D:4:      layout_cave_pools, nicolae_overflow_two_pavilions

Skill      XL: |  1  2  3  4  5  6 |
---------------+-------------------+-----
Stealth        | 4 5 |  5.1
Short Blades   | 1 2 |  2.6
Dodging        | 1 |  1.9
Fighting       | 2 |  2.3
Hexes          | 1 |  1.2
Ranged Weapons | 1 |  1.3
Fire Magic     | 1 |  1.1
Spellcasting   | 3 |  3.0
Armour         | |  1.0
Summonings     | |  1.5
Evocations     | |  1.0

Action                     |  1- 3 |  4- 6 || total
---------------------------+-------+-------++-------
  Melee: Dagger            |   115 |    39 ||   154
         Punch             |     1 |     1 ||     2
         Short sword       |       |    73 ||    73
   Fire: Sling             |       |    33 ||    33
   Cast: Summon Small Mamm |     6 |     4 ||    10
         Inner Flame       |     2 |    13 ||    15
 Invoke: Shadow Step       |       |     1 ||     1
    Use: Scroll            |     5 |     2 ||     7
   Stab: Sleeping          |    16 |     4 ||    20
 Armour: Robe              |    17 |    11 ||    28
  Dodge: Dodged            |    62 |    59 ||   121
